 Dungeon Crawl Stone Soup version 0.32-a0-818-gb728d02 (webtiles) character file.

Game seed: 4279788644714994515

9644 Meow the Destroyer (level 11, 88/94 HPs)
             Began as a Naga Conjurer on Mar 23, 2024.
             Was an Initiate of Gozag.
             Quit the game on level 10 of the Dungeon.
             The game lasted 00:45:09 (11422 turns).

Meow the Destroyer (Naga Conjurer)                 Turns: 11422, Time: 00:45:09

Health: 88/94      AC:  7    Str:  9    XL:     11   Next: 49%
Magic:  8/23       EV:  8    Int: 23    God:    Gozag
Gold:   687        SH:  0    Dex: 10    Spells: 3/26 levels left

rFire   + . .        a - +0 arbalest
rCold   . . .        (shield currently unavailable)
rNeg    . . .        c - +0 robe
rPois   +            u - +2 helmet
rElec   .            (no cloak)
rCorr   .            (no gloves)
SInv    +            (no barding)
Will    ++...        (no amulet)
Stlth   ++           l - ring of willpower
HPRegen 0.35/turn    G - ring of protection from fire
MPRegen 0.18/turn

%: no passive effects
@: very slow
A: AC +3, large, see invisible, deformed body, poison resistance, slowness 2,
spit poison 1, naga tail 1
a: Spit Poison, Renounce Religion, Potion Petition, Call Merchant, Bribe Branch


You were on level 10 of the Dungeon.
You worshipped Gozag.
Gozag was pleased with you.
You visited 2 branches of the dungeon, and saw 11 of its levels.
You also visited: Sewer and Bailey.

You collected 904 gold pieces.
You paid 217 gold pieces to Gozag.

Inventory:

Hand Weapons
 a - a +0 arbalest (weapon)
 d - a +0 whip
 H - a +0 sling
Missiles
 f - 13 poisoned darts
 t - 6 boomerangs
Armour
 c - a +0 robe (worn)
 u - a +2 helmet (worn)
Jewellery
 g - the ring "Vumish" {rC+ SInv}
   (You took it off a boggart on level 9 of the Dungeon)

   [ring of see invisible]

   rC+:       It protects you from cold.
   SInv:      It lets you see invisible.
 k - a ring of flight
 l - a ring of willpower (left hand)
 G - a ring of protection from fire (right hand)
 L - a ring of protection from fire
Wands
 B - a wand of acid (4)
 M - a wand of warping (8)
Scrolls
 e - 4 scrolls of noise
 j - a scroll of revelation
 m - 2 scrolls of vulnerability
 p - a scroll of fog {unknown}
 q - 2 scrolls of amnesia
 w - 2 scrolls of enchant armour {unknown}
 A - 6 scrolls of enchant weapon
 F - 2 scrolls of summoning {unknown}
 I - 3 scrolls of blinking {unknown}
 J - a scroll of brand weapon {unknown}
 K - 4 scrolls of poison {unknown}
Potions
 b - a potion of magic
 h - 2 potions of might {unknown}
 i - 2 potions of mutation {unknown}
 n - 2 potions of enlightenment {unknown}
 o - 2 potions of attraction {unknown}
 r - 3 potions of invisibility {unknown}
 s - 2 potions of degeneration {unknown}
 v - 3 potions of brilliance
 z - 2 potions of haste {unknown}
 C - 2 potions of curing {unknown}
 D - 2 potions of berserk rage {unknown}
 N - a potion of resistance {unknown}


   Skills:
 - Level 5.0 Fighting
 - Level 1.5 Dodging
 - Level 3.0 Stealth
 - Level 8.0 Spellcasting
 + Level 11.4 Conjurations
 + Level 10.2 Earth Magic


You had 3 spell levels left.
You knew the following spells:

 Your Spells              Type           Power      Damage    Failure   Level
a - Magic Dart            Conj           100%       1d8       1%          1
b - Searing Ray           Conj           100%       2d8       1%          2
c - Mephitic Cloud        Conj/Alch/Air  26%        N/A       4%          3
f - Lee's Rapid Deconstr  Erth           27%        3d14*     2%          5
g - Bombard               Conj/Erth      28%        9d5       12%         6
F - Fulminant Prism       Conj/Alch      17%        3d10      7%          4
T - Blink                 Tloc           18%        N/A       11%         2

Your spell library contained the following spells:

 Spells                   Type           Power      Damage    Failure   Level
 Sting                    Conj/Alch      100%       1d9       1%          1
 Momentum Strike          Conj/Tloc      70%        3d9       1%          2
 Dazzling Flash           Conj/Hex       70%        N/A       1%          3
 Hailstorm                Conj/Ice       35%        3d8       1%          3
 Passwall                 Erth           54%        N/A       1%          3
 Freeze                   Ice            36%        1d5       7%          1
 Slow                     Hex            36%        N/A       7%          1
 Summon Small Mammal      Summ           36%        N/A       7%          1
 Call Imp                 Summ           18%        N/A       11%         2
 Lesser Beckoning         Tloc           18%        N/A       11%         2
 Mercury Vapours          Alch/Air       18%        N/A       11%         2
 Scorch                   Fire           18%        2d5       11%         2
 Sublimation of Blood     Necr           9%         N/A       11%         2
 Call Canine Familiar     Summ           9%         N/A       21%         3
 Confusing Touch          Hex            9%         N/A       21%         3
 Frozen Ramparts          Ice            18%        1d3       21%         3
 Vampiric Draining        Necr           9%         2d6       21%         3
 Volatile Blastmotes      Fire/Tloc      18%        2d11      21%         3
 Flame Wave               Conj/Fire      35%        2d10      7%          4
 Iskenderun's Mystic Bla  Conj/Tloc      35%        2d8       7%          4
 Leda's Liquefaction      Alch/Erth      16%        N/A       9%          4
 Olgreb's Toxic Radiance  Alch           9%         N/A       56%         4
 Passage of Golubria      Tloc           9%         N/A       56%         4
 Summon Blazeheart Golem  Fire/Summ      9%         N/A       56%         4
 Permafrost Eruption      Ice/Erth       16%        2x4d6     78%         6
 Curse of Agony           Necr           9%         N/A       88%         5
 Silence                  Hex/Air        4%         N/A       88%         5
 Lehudib's Crystal Spear  Conj/Erth      28%        10d7      99%         8
 Summon Cactus Giant      Summ           4%         N/A       100%        6
 Summon Hydra             Summ           4%         N/A       100%        7


Dungeon Overview and Level Annotations

Branches:
Dungeon (10/15)            Temple (1/1) D:6           Sewer (visited)
 Bailey (visited)
   Lair: D:8-11         Orc: D:9-12

Altars:
Dithmenos
Fedhas
Gozag
Hepliaklqana
Makhleb
Nemelex Xobeh
Okawaru
Ru
Sif Muna
Trog
Uskayaw
Wu Jian
Xom
Yredelemnul
Zin
The Shining One

Shops:
D:7 *   D:9 (

Annotations:
D:3 1 runed translucent door, december12's ghost, weakling BaAr
D:9 1 runed translucent door, ksj2083's ghost, journeyman GrIE


Innate Abilities, Weirdness & Mutations

Your serpentine skin is tough. (AC +3)
You have supernaturally acute eyesight. (SInv)
Armour fits poorly on your strangely shaped body.
Your system is resistant to poisons. (rPois)
You cover ground very slowly.
You can spit poison.
You have a snake-like lower body.


Message History

Casting: Bombard (dangerous; 12% risk of failure)
Confirm with . or Enter, or press ? or * to list all spells.
You don't have enough magic to cast this spell.
Unknown command.
Unknown command.
Casting: Bombard (dangerous; 12% risk of failure)
Confirm with . or Enter, or press ? or * to list all spells.
You don't have enough magic to cast this spell.
Unknown command.
Unknown command.
Aiming: Spit Poison (1% risk of failure)
Press: ? - help, Shift-Dir - straight line, f - orc priest
Aim: an orc priest, wielding a +0 hand axe (64% to hit)
The splash of poison hits the orc priest!
The orc priest is poisoned.
The orc priest is almost dead.
Casting: Bombard (dangerous; 12% risk of failure)
Confirm with . or Enter, or press ? or * to list all spells.
Aiming: Searing Ray (safe; 1% risk of failure)
Press: ? - help, Shift-Dir - straight line, f/p - orc priest
Aim: an orc priest, wielding a +0 hand axe (almost dead, poisoned, 83% to hit)
The searing ray misses the orc priest. (Press . to maintain the ray.)
The orc priest hits you but does no damage.
Unknown command.
The searing ray hits the orc priest!
You kill the orc priest!
You now have 668 gold pieces (gained 5).
You see here a +0 hand axe.
You now have 673 gold pieces (gained 5).
Things that are here:
a +3 whip; a +0 ring mail You have got your breath back.
You now have 687 gold pieces (gained 14).
t - 6 boomerangs (gained 3)
Things that are here:
a +0 hand axe; a +0 dagger; a +0 robe A vampire mosquito comes into view.
A vampire mosquito is nearby!
Are you sure you want to abandon this character and quit the game? (Confirm with "yes".)

#...............[
####....<.########..
........### ........#
........# ........#
.......)#
##.###.)##############
## ###).....@.......
#..###.#######. #..#
#.# #### #.# #.# #.#
#.. #... #....


There were no monsters in sight!

Vanquished Creatures
  A hydra (D:9)
  A centaur warrior (D:9)
  A deep elf pyromancer (D:9)
  An orc knight (Bailey)
  A cyclops (D:9)
  A manticore (D:9)
  A gargoyle (D:9)
  A troll (D:9)
  A slime creature (D:9)
  A vampire (D:9)
  4 yaks (D:8)
  A wyvern (D:9)
  Grum (D:8)
  3 steam dragons
  A water moccasin (D:8)
  An ice beast (D:6)
  9 orc warriors
  3 black bears
  2 sky beasts
  3 wolves (D:8)
  2 boggarts (D:9)
  A centaur (D:9)
  3 phantoms
  5 bullfrogs
  A gnoll sergeant (D:8)
  5 scorpions
  7 wights (D:8)
  9 killer bees (D:9)
  2 howler monkeys (D:8)
  2 bombardier beetles (D:4)
  A crimson imp (D:7)
  4 orc priests
  4 jellies (Sewer)
  4 sleepcaps
  3 iguanas
  3 orc wizards
  9 gnolls
  6 river rats
  11 adders
  A shadow imp (D:6)
  4 dart slugs
  2 ribbon worms
  22 orcs
  5 bats
  9 endoplasms
  5 giant cockroaches
  7 goblins
  9 hobgoblins
  2 jackals (D:3)
  9 kobolds
  7 quokkas
  13 ball pythons
  6 frilled lizards
  11 rats
232 creatures vanquished.

Vanquished Creatures (others)
  A steam dragon (D:6)
  A wolf (D:8)
  38 fulminant prisms
40 creatures vanquished.

Grand Total: 272 creatures vanquished

Notes
Turn   | Place    | Note
-------+----------+-------------------------------------------
     0 | D:1      | Meow the Naga Conjurer began the quest for the Orb.
     0 | D:1      | Reached XP level 1. HP: 15/15 MP: 3/3
   184 | D:1      | Reached XP level 2. HP: 22/22 MP: 0/5
   187 | D:1      | Learned a level 2 spell: Searing Ray
   805 | D:1      | Reached XP level 3. HP: 28/28 MP: 4/7
  1261 | D:2      | Reached XP level 4. HP: 26/36 MP: 6/8
  1320 | D:2      | Reached skill level 5 in Conjurations
  1825 | D:3      | Reached XP level 5. HP: 41/42 MP: 3/10
  1878 | D:3      | Found a runed translucent door.
  1878 | D:3      | Noticed december12's ghost (weakling BaAr)
  2157 | D:3      | Found a glowing drain.
  2164 | Sewer    | Entered a sewer
  2169 | Sewer    | Learned a level 3 spell: Hailstorm
  2207 | Sewer    | Reached XP level 6. HP: 49/49 MP: 4/12
  2405 | Sewer    | Reached skill level 6 in Conjurations
  2491 | Sewer    | Found a viscous altar of Jiyva.
  3327 | D:4      | Found a sparkling altar of Nemelex Xobeh.
  3385 | D:4      | Reached XP level 7. HP: 55/55 MP: 14/14
  3424 | D:4      | Reached skill level 5 in Spellcasting
  3648 | D:4      | Reached skill level 7 in Conjurations
  3650 | D:4      | Reached skill level 1 in Fighting
  3843 | D:4      | Learned a level 2 spell: Blink
  4016 | D:4      | Found a glowing silver altar of Zin.
  4063 | D:5      | Entered Level 5 of the Dungeon
  4108 | D:5      | Reached skill level 1 in Earth Magic
  4285 | D:5      | Found a shadowy altar of Dithmenos.
  4297 | D:5      | Reached XP level 8. HP: 67/67 MP: 7/15
  4486 | D:5      | Learned a level 4 spell: Fulminant Prism
  5349 | D:6      | Reached skill level 8 in Conjurations
  5385 | D:6      | Found a staircase to the Ecumenical Temple.
  5394 | Temple   | Entered the Ecumenical Temple
  5788 | D:7      | Reached XP level 9. HP: 60/78 MP: 6/18
  5874 | D:7      | Found Meq Loiklie's Assorted Antiques.
  5901 | D:7      | Found a burning altar of Makhleb.
  5911 | D:7      | Found a flagged portal.
  5925 | Bailey   | Entered a bailey
  6553 | Bailey   | Learned a level 5 spell: Lee's Rapid Deconstruction
  6610 | Bailey   | Reached skill level 5 in Fighting
  6652 | Bailey   | Reached skill level 5 in Earth Magic
  6674 | Bailey   | Noticed an orc knight
  6910 | Bailey   | Killed an orc knight
  6911 | Bailey   | Reached skill level 9 in Conjurations
  7311 | D:7      | Reached XP level 10. HP: 88/88 MP: 16/20
  7470 | D:7      | Found an iron altar of Okawaru.
  7639 | D:7      | Found a shimmering altar of Xom.
  8483 | D:8      | Noticed Grum
  8497 | D:8      | Killed Grum
  9339 | D:9      | Found a runed translucent door.
  9341 | D:9      | Noticed ksj2083's ghost (journeyman GrIE)
  9383 | D:9      | Learned a level 6 spell: Bombard
  9386 | D:9      | Found an opulent altar of Gozag.
  9430 | D:9      | Became a worshipper of Gozag Ym Sagoz the Greedy
  9648 | D:9      | Reached skill level 10 in Conjurations
  9663 | D:9      | Found a shimmering blue altar of Sif Muna.
  9738 | D:9      | Learned a level 3 spell: Mephitic Cloud
 10104 | D:9      | Reached XP level 11. HP: 49/94 MP: 0/23
 10277 | D:9      | Found Soxtaept's Antique Weapon Boutique.
 10327 | D:9      | Noticed a deep elf pyromancer
 10334 | D:9      | Killed a deep elf pyromancer
 10424 | D:9      | Noticed a cyclops
 10506 | D:9      | Noticed a six-headed hydra
 10515 | D:9      | Killed a six-headed hydra
 10516 | D:9      | Reached skill level 11 in Conjurations
 10523 | D:9      | Killed a cyclops
 10702 | D:9      | Noticed a centaur warrior
 10709 | D:9      | Killed a centaur warrior
 10709 | D:9      | Identified the ring "Vumish" {rC+ SInv}
 10710 | D:9      | Reached skill level 10 in Earth Magic
 10780 | D:9      | Noticed a manticore
 10932 | D:9      | Killed a manticore
 11378 | D:10     | Entered Level 10 of the Dungeon
 11422 | D:10     | Quit the game

Illustrated notes

Levels and vault maps discovered:
D:1:      shiori_arrival_whats_in_store_for_you, layout_loops_ring
D:2:      cheibrodos_pilgrimage, layout_loops_cross
D:3:      layout_basic, hellmonk_ghost_happy_afterlife,
          lightli_sewer_entry_pipes
D:4:      layout_loops_cross, nemelex_dance_club_becter, zin_scriptorium,
          nicolae_twisty_statue_hallways
D:5:      layout_loops_ring, grunt_dithmenos_smoke, serial_bayou_pond_a,
          hellmonk_no_cap
D:6:      layout_loops_ring, minmay_temple_entry_ruins
D:7:      layout_loops_ring, grunt_temple_overflow_champion_of_chaos,
          kennysheep_little_box, serial_shops, nicolae_shop_statue_plus,
          enter_bailey_2
D:8:      layout_basic, uniq_grum
D:9:      minmay_sliced_demisemicircle, layout_stronghold,
          mainiacjoe_overflow_boulevard, nicolae_gozag_seed_capital,
          ebering_ghost_inner_flame, serial_shops, nicolae_shop_trees
D:10:     layout_irregular_city, amethyst_overflow_temple_binary,
          gammafunk_temple_overflow_statue, mainiacjoe_overflow_divided_tiny,
          serial_shops, nicolae_lakefront_shop, minmay_variable_closet
Temple:   nicolae_temple_two_arcs

Skill      XL: |  1  2  3  4  5  6  7  8  9 10 11 |
---------------+----------------------------------+-----
Spellcasting   | 3 4 5 6 7 8 |  8.0
Conjurations   | 5 6 7 8 9 10 11 | 11.4
Fighting       | 2 4 5 |  5.0
Earth Magic    | 1 4 6 9 10 | 10.2
Dodging        | |  1.5
Stealth        | |  3.0

Action                     |  1- 3 |  4- 6 |  7- 9 | 10-12 || total
---------------------------+-------+-------+-------+-------++-------
  Melee: Whip              |       |     1 |       |       ||     1
   Fire: Sling             |       |    23 |    27 |       ||    50
         Arbalest          |       |       |     8 |    21 ||    29
   Cast: Magic Dart        |    41 |    32 |    19 |       ||    92
         Searing Ray       |     1 |    26 |    52 |    19 ||    98
         Blink             |       |       |     1 |       ||     1
         Fulminant Prism   |       |       |    19 |    19 ||    38
         Lee's Rapid Decon |       |       |       |    25 ||    25
         Bombard           |       |       |       |    14 ||    14
         Mephitic Cloud    |       |       |       |     1 ||     1
Ability: Spit Poison       |    22 |    36 |    36 |    15 ||   109
  Evoke: Wand              |       |       |     6 |    10 ||    16
    Use: Scroll            |       |     5 |     6 |     3 ||    14
         Potion            |       |       |     2 |     9 ||    11
 Armour: Robe              |     1 |    21 |    81 |    89 ||   192
         Skin              |       |       |       |    37 ||    37
  Dodge: Dodged            |       |    19 |    33 |    35 ||    87

Table legend: (Time is in decaauts)
 A = Elapsed time spent in this place.
 B = Non-inter-level travel time spent in this place.
 C = Inter-level travel time spent in this place.
 D = Time resting spent in this place.
 E = Time spent auto-exploring this place.
 F = Levels seen in this place.
 G = Mean time per level.
                   A        B        C        D        E       F      G
               +--------+--------+--------+--------+--------+-----+--------+
         Total |  14136 |  13635 |    501 |   3750 |   7789 |  13 | 1087.4 |
       Dungeon |  12225 |  11724 |    501 |   2783 |   7338 |  10 | 1222.5 |
        Temple |      1 |      1 |      0 |      0 |      0 |   1 |    1.0 |
         Sewer |    534 |    534 |      0 |    228 |    190 |   1 |  534.0 |
        Bailey |   1375 |   1375 |      0 |    738 |    260 |   1 | 1375.0 |
               +--------+--------+--------+--------+--------+-----+--------+

Top non-repeatable levels by time:
     D:9: 2554 daAuts
     D:8: 1842 daAuts
  Bailey: 1375 daAuts
     D:5: 1292 daAuts
     D:3: 1224 daAuts
     D:1: 1153 daAuts
     D:2: 1115 daAuts
     D:4: 1083 daAuts
     D:7: 978 daAuts
     D:6: 921 daAuts
   Sewer: 534 daAuts
    D:10: 56 daAuts
  Temple: 1 daAuts
